 Dungeon Crawl Stone Soup version 0.30-a0-1074-g5db6f66fbb (webtiles) character file.

Game seed: 1853383900640767225

87 jimonade the Grasshopper (level 4, -1/40 HPs)
             Began as a Naga Warper on Apr 12, 2023.
             Killed from afar by an orc wizard (6 damage)
             ... with a puff of flame
             ... on level 4 of the Dungeon on Apr 13, 2023.
             The game lasted 00:03:51 (2481 turns).

jimonade the Grasshopper (Naga Warper)              Turns: 2481, Time: 00:03:52

Health: -1/40      AC:  3    Str: 15    XL:     4   Next: 51%
Magic:  16/16      EV:  9    Int: 13    God:
Gold:   138        SH:  0    Dex: 11    Spells: 7/7 levels left

rFire   . . .      SeeInvis +    a - +0 dagger (venom)
rCold   . . .      Faith    .    (no shield)
rNeg    . . .      Spirit   .    b - +0 leather armour
rPois   +          Reflect  .    (no helmet)
rElec   .          Rampage  .    (no cloak)
rCorr   .                        (no gloves)
Will    .....                    (no barding)
Stlth   +                        (no amulet)
HPRegen 0.26/turn                r - ring of magical power
MPRegen 0.15/turn                (no ring)

@: very slow
A: AC +1, large, see invisible, deformed body, poison resistance, slowness 2,
spit poison 1, naga tail 1
a: Spit Poison


You were on level 4 of the Dungeon.
You visited 1 branch of the dungeon, and saw 4 of its levels.

You collected 138 gold pieces.

Inventory:

Hand Weapons
 a - a +0 dagger of venom (weapon)
 i - a +0 hand axe
 z - a +0 sling
Missiles
 d - 7 boomerangs of dispersal (quivered)
Armour
 b - a +0 leather armour (worn)
Jewellery
 r - a ring of magical power (left hand)
Wands
 w - a wand of roots (9)
Scrolls
 c - 2 scrolls of blinking
 e - 6 scrolls of identify {unknown}
 g - a scroll of fog {unknown}
 j - a scroll of fear {unknown}
 k - 2 scrolls of enchant armour {unknown}
 l - a scroll of teleportation {unknown}
 p - a scroll of silence {unknown}
 v - a scroll of summoning {unknown}
 y - a scroll of amnesia {unknown}
Potions
 f - 3 potions of brilliance {unknown}
 h - a potion of lignification {unknown}
 m - a potion of ambrosia {unknown}
 n - 3 potions of curing {unknown}
 o - a potion of berserk rage {unknown}
 q - a potion of attraction {unknown}
 s - 2 potions of heal wounds {unknown}
 t - a potion of resistance {unknown}
 u - a potion of degeneration {unknown}
 x - a potion of haste {unknown}


   Skills:
 + Level 2.5 Fighting
 + Level 1.0 Short Blades
 + Level 2.7 Axes
 + Level 0.8 Throwing
 + Level 1.5 Armour
 + Level 1.9 Dodging
 + Level 1.1 Stealth
 + Level 2.0 Spellcasting
 + Level 3.4 Translocations


You had 7 spell levels left.
You didn't know any spells.
Your spell library contained the following spells:

 Spells                   Type           Power      Damage    Failure   Level
 Blink                    Tloc           20%        N/A       12%         2
 Lesser Beckoning         Tloc           20%        N/A       12%         2
 Teleport Other           Tloc           10%        N/A       22%         3
 Vhi's Electric Charge    Tloc/Air       10%        N/A       43%         3
 Manifold Assault         Tloc           10%        N/A       58%         4


Dungeon Overview and Level Annotations

Branches:
Dungeon (4/15)
 Temple: D:4-7

Altars:
Wu Jian


Innate Abilities, Weirdness & Mutations

Your serpentine skin is tough. (AC +1)
You have supernaturally acute eyesight. (SInv)
Armour fits poorly on your strangely shaped body.
Your system is resistant to poisons. (rPois)
You cover ground very slowly.
You can spit poison.
You have a snake-like lower body.


Message History

An orc comes into view. It is wielding a +0 falchion.
The goblin shouts!
An orc wizard comes into view. It is wielding a +0 dagger.
The orc wizard shouts!
You hear a shout! x2
The orc wizard points at you and mumbles some strange words.
The magic dart hits you.
An orc comes into view. It is wielding a +0 mace.
You barely miss the goblin. The goblin barely misses you.
You closely miss the goblin. The goblin barely misses you.
You barely miss the goblin. The goblin hits you but does no damage.
You hit the orc.
The orc is poisoned.
The orc is lightly wounded.
The goblin hits you with a +0 dagger. The orc hits you with a +0 falchion!
You hit the orc.
You kill the orc!
The goblin hits you with a +0 dagger.
You hit the goblin.
You kill the goblin!
Your Short Blades skill increases to level 1!
You closely miss the orc wizard.
The orc wizard gestures at you while chanting.
The magic dart hits you!
You hit the orc wizard but do no damage.
The orc wizard is poisoned.
The orc hits you but does no damage. The orc wizard closely misses you.
You hit the orc wizard.
The orc wizard looks as sick as possible!
The orc wizard is lightly wounded.
The orc hits you with a +0 mace.
The orc wizard points at you and mumbles some strange words.
The magic dart hits you!
* * * LOW HITPOINT WARNING * * *
You hit the orc wizard but do no damage.
The orc wizard looks as sick as possible!
The orc wizard is moderately wounded.
The orc hits you with a +0 mace.
* * * LOW HITPOINT WARNING * * *
The orc wizard points at you and mumbles some strange words.
The puff of flame hits you.
You die...

..o....#............###
#.o... #..............
#..... #...........##
...... #..........#
....## #.........#
#..#####........#
#............<.#
########o.............#
#......@o...####(....##
...........## ##..### #
.#######...# #..## ##
##..# ##..###. #.##
#.....# #.# #....## #.#
#...## ##...# ##....##


You could see an orc wizard (extremely poisoned) and an orc.

Vanquished Creatures
  3 adders
  2 worms (D:2)
  2 orcs
  7 endoplasms
  2 giant cockroaches
  10 goblins
  2 hobgoblins (D:1)
  3 kobolds
  5 quokkas
  A ball python (D:2)
  4 bats
  3 frilled lizards
  5 rats
49 creatures vanquished.

Notes
Turn   | Place    | Note
-------+----------+-------------------------------------------
     0 | D:1      | jimonade the Naga Warper began the quest for the Orb.
     0 | D:1      | Reached XP level 1. HP: 19/19 MP: 3/3
   184 | D:1      | Reached XP level 2. HP: 22/26 MP: 5/5
   674 | D:2      | Reached XP level 3. HP: 31/32 MP: 6/6
   908 | D:2      | Reached skill level 1 in Armour
  1561 | D:3      | Reached skill level 1 in Stealth
  1672 | D:3      | Reached XP level 4. HP: 12/40 MP: 7/7
  1877 | D:3      | Upgraded the game from 0.30-a0-1066-g63dfefce0d to
                  | 0.30-a0-1074-g5db6f66fbb
  2253 | D:3      | Found an ornate altar of the Wu Jian Council.
  2478 | D:4      | Reached skill level 1 in Short Blades
  2481 | D:4      | Killed from afar by an orc wizard

Illustrated notes

Levels and vault maps discovered:
D:1:      lightli_arrival_chessboard, layout_loops_ring
D:2:      layout_loops_ring, chequers_serial_rivers_micro_b,
          minmay_misc_feat_nine_boxes, mrwooster_statue_mirror
D:3:      layout_rooms, nzn_wu_jian_council_hall
D:4:      layout_layer_cave

Skill      XL: |  1  2  3  4 |
---------------+-------------+-----
Armour         | 1 |  1.5
Stealth        | 1 |  1.1
Short Blades   | 1 |  1.0
Fighting       | |  2.5
Axes           | |  2.7
Throwing       | |  0.8
Dodging        | |  1.9
Spellcasting   | |  2.0
Translocations | |  3.4

Action                     |  1- 3 |  4- 6 || total
---------------------------+-------+-------++-------
  Melee: Hand axe          |    53 |       ||    53
         Dagger            |    76 |    52 ||   128
         Punch             |       |     1 ||     1
   Stab: Sleeping          |     2 |     1 ||     3
 Armour: Leather armour    |    25 |    12 ||    37
  Dodge: Dodged            |    62 |    20 ||    82

Table legend: (Time is in decaauts)
 A = Elapsed time spent in this place.
 B = Non-inter-level travel time spent in this place.
 C = Inter-level travel time spent in this place.
 D = Time resting spent in this place.
 E = Time spent auto-exploring this place.
 F = Levels seen in this place.
 G = Mean time per level.
                   A        B        C        D        E       F      G
               +--------+--------+--------+--------+--------+-----+--------+
         Total |   3112 |   3003 |    109 |     23 |   2508 |   4 |  778.0 |
       Dungeon |   3112 |   3003 |    109 |     23 |   2508 |   4 |  778.0 |
               +--------+--------+--------+--------+--------+-----+--------+

Top non-repeatable levels by time:
     D:2: 1086 daAuts
     D:3: 966 daAuts
     D:1: 871 daAuts
     D:4: 187 daAuts
